 Dungeon Crawl Stone Soup version 0.31.0-11-ge490571c62 (webtiles) character file.

Game seed: 3876685606816676538

557 Arcadio the Ducker (level 7, 0/45 HPs)
             Began as a Djinni Fire Elementalist on Jan 27, 2024.
             Was an Initiate of Makhleb.
             Slain by a wight
             ... wielding a +0 dagger
              (4 damage)
             ... on level 4 of the Dungeon.
             The game lasted 00:04:27 (3730 turns).

Arcadio the Ducker (Djinni Fire Elementalist)       Turns: 3730, Time: 00:04:28

Health: 0/45       AC:  2    Str:  7    XL:     7   Next: 56%
Gold:   227        EV: 14    Int: 19    God:    Makhleb [......] SH:  0 Dex: 13

rFire   + + .        j - +0 scimitar
rCold   x . .        (no shield)
rNeg    . . .        a - +0 robe
rPois   ∞            (no helmet)
rElec   .            (no cloak)
rCorr   .            (no gloves)
SInv    .            (boots unavailable)
Will    .....        (no amulet)
Stlth   ++           q - ring of wizardry
HPRegen 0.27/turn    (no ring)
MPRegen 0.00/turn

%: wizardry (x1), infuse magic (-1 HP)
@: flying
A: sickness immunity, fire resistance 2, cold vulnerability 1, float, innate
caster, HP casting, extra vitality 1
a: Renounce Religion


You were on level 4 of the Dungeon.
You worshipped Makhleb.
Makhleb was noncommittal.
You visited 1 branch of the dungeon, and saw 5 of its levels.

You collected 227 gold pieces.

Inventory:

Hand Weapons
 f - a +0 dagger
 g - a +0 short sword of draining
 i - a +0 antimagic dagger
 j - a +0 scimitar (weapon)
 s - a +0 short sword of electrocution
Missiles
 y - a throwing net
Armour
 a - a +0 robe (worn)
Jewellery
 q - a ring of wizardry (left hand)
Wands
 m - a wand of iceblast (11)
Scrolls
 b - 6 scrolls of identify {unknown}
 c - a scroll of brand weapon {unknown}
 d - 2 scrolls of noise {unknown}
 e - a scroll of vulnerability {unknown}
 l - 2 scrolls of teleportation {unknown}
 p - a scroll of immolation {unknown}
Potions
 h - a potion of enlightenment {unknown}
 n - 2 potions of berserk rage {unknown}
 o - a potion of attraction {unknown}
 r - a potion of ambrosia {unknown}
 t - a potion of lignification {unknown}
 u - a potion of might {unknown}
 v - a potion of cancellation {unknown}
 w - a potion of haste {unknown}
 x - a potion of mutation {unknown}


   Skills:
 + Level 6.3 Dodging
 - Level 1.5 Stealth
 + Level 5.1 Spellcasting
 + Level 5.1 Conjurations
 + Level 5.1 Hexes
 + Level 5.1 Summonings
 + Level 5.1 Necromancy
 + Level 5.1 Translocations
 + Level 5.1 Fire Magic
 + Level 5.1 Ice Magic
 + Level 5.1 Air Magic
 + Level 5.1 Earth Magic
 + Level 5.1 Alchemy


You knew the following spells:

 Your Spells              Type           Power      Damage    Failure   Level
a - Foxfire               Conj/Fire      96%        2x1d8     1%          1
b - Scorch                Fire           48%        2d7       1%          2
c - Volatile Blastmotes   Fire/Tloc      48%        2d14      1%          3
d - Inner Flame           Hex/Fire       24%        N/A       1%          3
e - Flame Wave            Conj/Fire      24%        2d8       6%          4
f - Shock                 Conj/Air       96%        1d9       1%          1
g - Lesser Beckoning      Tloc           48%        N/A       1%          2
h - Stone Arrow           Conj/Erth      48%        3d10      1%          3
Your spell library was empty.

Dungeon Overview and Level Annotations

Branches:
Dungeon (5/15)
 Temple: D:4-7

Altars:
Cheibriados
Gozag
Makhleb
Okawaru
Wu Jian

Shops:
D:1 (

Annotations:
D:5 3 runed translucent doors, heinrich's ghost, weakling DsDe


Innate Abilities, Weirdness & Mutations

You are immune to sickness and miasma.
You are immune to poison.
Your flesh is very heat resistant. (rF++)
You are vulnerable to cold. (rC-)
You float through the air rather than walking.
You learn spells naturally, not from books.
Your magical power is your life essence.
You have superior vitality. (+4 MHP)


Message History

Flames lash the wight.
The wight is burned terribly!
You destroy the wight!
Makhleb accepts your kill. The wight closely misses you.
The wight hits you with a +0 dagger!
Casting: Scorch (safe; 1% risk of failure)
Confirm with . or Enter, or press ? or * to list all spells.
Flames lash the wight.
The wight is moderately damaged.
The wight's fire resistance burns away.
The wight is no longer more vulnerable to fire.
The wight hits you with a +0 dagger.
* * * LOW HITPOINT WARNING * * *
You feel much better. The wight closely misses you.
The wight attacks as it pursues you! The wight hits you with a +0 dagger.
The wight attacks as it pursues you! The wight barely misses you.
The wight attacks as it pursues you! The wight hits you with a +0 dagger.
There is a stone staircase leading up here.
The wight hits you with a +0 dagger!
You fly upwards.
There is a stone staircase leading down here.
A wight is nearby!
The wight barely misses you.
You fly downwards.
Level annotation: 3 runed translucent doors, heinrich's ghost, weakling DsDe The wight misses you.
There is a stone staircase leading up here.
The wight barely misses you. The wight closely misses you.
The wight barely misses you.
You fly upwards.
There is a stone staircase leading down here.
The wight hits you with a +0 dagger. The wight attacks as it pursues you!
The wight barely misses you.
The wight hits you with a +5 dire flail!
* * * LOW HITPOINT WARNING * * *
The wight attacks as it pursues you! The wight completely misses you.
The wight attacks as it pursues you! The wight barely misses you.
The wight attacks as it pursues you! The wight closely misses you.
The wight hits you with a +0 dagger.
You die...

###..#.##.....#
#..(....##
.......########
#.......# ###.####
#.......# #.######
######.....##
#......# #.........##
#.####.# #.#####).##
#.####.# #.##....>#
#....#.# #....z..##
###.##.#.####...@z..#
.##.##.....<>....z..#
.##......#####.....##
.######### #.....#
(..# ####### ##.# #.#
#.# #.#


You could see 3 wights.

Vanquished Creatures
  A sky beast (D:3)
  A wight (D:5)
  A howler monkey (D:5)
  A bombardier beetle (D:5)
  A jelly (D:4)
  A hound (D:4)
  Jessica (D:3)
  An iguana (D:4)
  A sleepcap (D:4)
  An orc wizard (D:3)
  6 adders
  4 gnolls (D:4)
  2 dart slugs
  A ribbon worm (D:3)
  3 orcs (D:3)
  6 ball pythons
  9 bats
  5 endoplasms
  A giant cockroach (D:3)
  9 hobgoblins
  2 jackals (D:1)
  2 quokkas (D:1)
  3 frilled lizards
  9 goblins
  11 kobolds
  5 rats
88 creatures vanquished.

Vanquished Creatures (others)
  16 foxfires (D:1)
16 creatures vanquished.

Grand Total: 104 creatures vanquished

Notes
Turn   | Place    | Note
-------+----------+-------------------------------------------
     0 | D:1      | Arcadio the Djinni Fire Elementalist began the quest for
                  | the Orb.
     0 | D:1      | Arcadio set off with the following spells memorised:
                  | Foxfire, Scorch, Volatile Blastmotes, Inner Flame, Flame
                  | Wave.
     0 | D:1      | Reached XP level 1. HP: 15/15 MP: 0/0
   135 | D:1      | Reached XP level 2. HP: 20/21 MP: 0/0
   339 | D:1      | Found Ebla's Weapon Boutique.
   415 | D:1      | Reached skill level 3 in Dodging
   415 | D:1      | Reached XP level 3. HP: 23/25 MP: 0/0
   415 | D:1      | Learned a level 1 spell: Shock
  1264 | D:2      | Reached XP level 4. HP: 28/31 MP: 0/0
  1632 | D:3      | Noticed Jessica
  1637 | D:3      | Killed Jessica
  1650 | D:3      | Reached skill level 4 in Dodging
  1653 | D:3      | Reached XP level 5. HP: 18/35 MP: 0/0
  1653 | D:3      | Learned a level 2 spell: Lesser Beckoning
  1889 | D:3      | Noticed a sky beast
  1896 | D:3      | Killed a sky beast
  1897 | D:3      | Reached skill level 5 in Dodging
  1897 | D:3      | Reached XP level 6. HP: 28/40 MP: 0/0
  3045 | D:4      | Found a snail-covered altar of Cheibriados.
  3050 | D:4      | Found an ornate altar of the Wu Jian Council.
  3050 | D:4      | Found an iron altar of Okawaru.
  3050 | D:4      | Found a burning altar of Makhleb.
  3055 | D:4      | Reached XP level 7. HP: 33/45 MP: 0/0
  3055 | D:4      | Learned a level 3 spell: Stone Arrow
  3383 | D:4      | Became a worshipper of Makhleb the Destroyer
  3487 | D:5      | Entered Level 5 of the Dungeon
  3491 | D:5      | Reached skill level 6 in Dodging
  3527 | D:5      | Reached skill level 5 in Spellcasting
  3527 | D:5      | Reached skill level 5 in Conjurations
  3527 | D:5      | Reached skill level 5 in Hexes
  3527 | D:5      | Reached skill level 5 in Summonings
  3527 | D:5      | Reached skill level 5 in Necromancy
  3527 | D:5      | Reached skill level 5 in Translocations
  3527 | D:5      | Reached skill level 5 in Fire Magic
  3527 | D:5      | Reached skill level 5 in Ice Magic
  3527 | D:5      | Reached skill level 5 in Air Magic
  3527 | D:5      | Reached skill level 5 in Earth Magic
  3527 | D:5      | Reached skill level 5 in Alchemy
  3589 | D:5      | Found a runed translucent gate.
  3589 | D:5      | Found a runed translucent gate.
  3590 | D:5      | Found a runed translucent gate.
  3591 | D:5      | Found an opulent altar of Gozag.
  3592 | D:5      | Noticed a wraith
  3596 | D:5      | Noticed heinrich's ghost (weakling DsDe)
  3730 | D:4      | Slain by a wight

Illustrated notes

Levels and vault maps discovered:
D:1:      minmay_arrival_glassed_features, layout_loops_ring, serial_shops,
          nicolae_shop_tiny_waterfront, nrook_campfire, serial_bayou_pond_b,
          minmay_misc_feat_roman, minmay_misc_feat_encased
D:2:      layout_basic
D:3:      layout_basic, uniq_jessica
D:4:      layout_loops_cross, grunt_temple_overflow_open,
          nicolae_zig_zag_zippers
D:5:      layout_loops_ring, minmay_temple_entry_nine_rooms,
          ebering_ghost_gozag, kennysheep_generic_room_14

Skill      XL: |  1  2  3  4  5  6  7 |
---------------+----------------------+-----
Dodging        | 3 4 5 6 |  6.3
Spellcasting   | 4 5 |  5.1
Conjurations   | 4 5 |  5.1
Hexes          | 4 5 |  5.1
Summonings     | 4 5 |  5.1
Necromancy     | 4 5 |  5.1
Translocations | 4 5 |  5.1
Fire Magic     | 4 5 |  5.1
Ice Magic      | 4 5 |  5.1
Air Magic      | 4 5 |  5.1
Earth Magic    | 4 5 |  5.1
Alchemy        | 4 5 |  5.1
Stealth        | |  1.5

Action                     |  1- 3 |  4- 6 |  7- 9 || total
---------------------------+-------+-------+-------++-------
   Cast: Foxfire           |     9 |       |       ||     9
         Scorch            |    39 |    66 |    24 ||   129
    Use: Potion            |       |     1 |     1 ||     2
 Armour: Robe              |     2 |    10 |    22 ||    34
  Dodge: Dodged            |     6 |    14 |    23 ||    43
